 Dungeon Crawl Stone Soup version 0.31.0-9-g3a7656b989 (webtiles) character file.

Game seed: 10862547700708843203

212 Gottschkopf the Covered (level 5, -1/48 HPs)
             Began as a Minotaur Fighter on Jan 28, 2024.
             Was a Follower of Trog.
             Slain by Sigmund
             ... wielding a +0 scythe
              (6 damage)
             ... on level 3 of the Dungeon.
             The game lasted 00:04:32 (2095 turns).

Gottschkopf the Covered (Minotaur Fighter)          Turns: 2095, Time: 00:04:32

Health: -1/48      AC:  9    Str: 19 (22) XL:     5   Next: 58%
Magic:  4/4        EV:  9    Int:  4 (5)  God:    Trog [*.....]
Gold:   150        SH:  4    Dex:  8 (10) Spells: 4/4 levels left

rFire   . . .        f - +0 dagger (venom)
rCold   + . .        c - +0 buckler
rNeg    + . .        j - +2 scale mail {rC+}
rPois   .            (helmet restricted)
rElec   .            (no cloak)
rCorr   +            (no gloves)
SInv    .            (no boots)
Will    .....        (no amulet) Stlth
                     g - ring of positive energy
HPRegen 0.28/turn    o - ring of resist corrosion
MPRegen 0.09/turn

%: no passive effects
@: no status effects
A: horns 2, retaliatory headbutt
a: Renounce Religion, Berserk


You were on level 3 of the Dungeon.
You worshipped Trog.
Trog was aware of your devotion.
You visited 1 branch of the dungeon, and saw 3 of its levels.

You collected 150 gold pieces.

Inventory:

Hand Weapons
 f - a +0 dagger of venom (weapon)
Armour
 c - a +0 buckler (worn)
 j - a +2 scale mail of cold resistance (worn)
Jewellery
 g - a ring of positive energy (left hand)
 o - a ring of resist corrosion (right hand)
Scrolls
 b - a scroll of vulnerability {unknown}
 e - a scroll of fear {unknown}
 i - 2 scrolls of teleportation {unknown}
 k - a scroll of noise {unknown}
 l - a scroll of revelation {unknown}
 m - 2 scrolls of identify {unknown}
 n - a scroll of amnesia {unknown}
Potions
 d - a potion of might
 h - a potion of lignification {unknown}
 p - a potion of invisibility {unknown}


   Skills:
 + Level 5.0 Fighting
 + Level 2.5 Short Blades
 - Level 2.4 Maces & Flails
 + Level 5.0 Armour
 + Level 5.0 Shields


You had 4 spell levels left.
You didn't know any spells.
Your spell library was empty.

Dungeon Overview and Level Annotations

Branches:
Dungeon (3/15)

Altars:
Trog

Shops:
D:1 !

Annotations:
D:3 Sigmund


Innate Abilities, Weirdness & Mutations

You have a pair of horns on your head.
You reflexively headbutt those who attack you in melee.


Message History

You feel less confused. Something hits you.
You barely miss something. You closely miss something. Something hits you.
You miss something. You completely miss something.
Your headbutt misses something. Something hits you.
You closely miss something. Your headbutt misses something. Something hits you.
You miss something. You hit something.
You hear some strange, mumbled words.
A magic dart appears from out of thin air!
The magic dart hits you.
You miss something.
You hear some strange, mumbled words.
You are confused.
You closely miss something. Your headbutt misses something.
Something hits you but does no damage.
You're too confused to move!
Something hits you but does no damage.
You miss something. Your headbutt misses something.
Something hits you but does no damage. Something hits you.
You're too confused to move!
You feel less confused. Something hits you!
You hit something. Your headbutt misses something. You hit something.
Something hits you!
* * * LOW HITPOINT WARNING * * *
You closely miss something. You miss something. Your headbutt misses something.
You hear some strange, mumbled words.
A puff of flame appears from out of thin air!
The puff of flame hits you!
* * * LOW HITPOINT WARNING * * *
It was a potion of degeneration.
There was something very wrong with that liquid.
You feel weakened.
You feel dopey.
You feel clumsy. Something hits you.
You die...

.. ...##### ... ..
######### .# #.......#
##.# #.####.## ...#
.......# #######..#
#.###..####........#####.
................@........
#.###....#.......{....$..
#.# #.............###.#.#
#.# #.#..#.....#.## # #.#
#.#..#......... #.#
#.#..#....##.###
#.#.<#....+....
#..##...##.###
#..##...##.#


There were no monsters in sight!

Vanquished Creatures
  Terence (D:2)
  Jessica (D:2)
  Natasha (thrice) (D:3)
  3 adders
  2 dart slugs
  4 ribbon worms
  4 orcs (D:3)
  4 bats
  2 endoplasms
  4 giant cockroaches (D:2)
  3 goblins (D:1)
  3 hobgoblins
  A quokka (D:1)
  2 ball pythons
  2 frilled lizards
  5 kobolds
  5 rats
49 creatures vanquished.

Notes
Turn   | Place    | Note
-------+----------+-------------------------------------------
     0 | D:1      | Gottschkopf the Minotaur Fighter began the quest for the
                  | Orb.
     0 | D:1      | Reached XP level 1. HP: 19/19 MP: 0/0
   323 | D:1      | Reached XP level 2. HP: 27/27 MP: 1/1
   399 | D:1      | Found Fukastuger's Distillery.
   986 | D:2      | Noticed Terence
   994 | D:2      | Killed Terence
   995 | D:2      | Reached skill level 1 in Short Blades
   995 | D:2      | Reached XP level 3. HP: 31/33 MP: 2/2
  1308 | D:2      | Reached XP level 4. HP: 41/41 MP: 3/3
  1509 | D:2      | Noticed Jessica
  1519 | D:2      | Killed Jessica
  1694 | D:3      | Noticed Natasha
  1702 | D:3      | Killed Natasha
  1798 | D:3      | Reached XP level 5. HP: 47/47 MP: 4/4
  1851 | D:3      | Noticed a great orb of eyes
  1853 | D:3      | Found a faded altar of an unknown god.
  1856 | D:3      | Noticed an eye of devastation
  1861 | D:3      | Noticed a glass eye
  1861 | D:3      | Noticed an eye of devastation
  1867 | D:3      | Prayed at the altar of an unknown god.
  1867 | D:3      | Became a worshipper of Trog the Wrathful
  1867 | D:3      | Reached * piety under Trog
  1891 | D:3      | Noticed Natasha
  1897 | D:3      | Killed Natasha
  1921 | D:3      | Noticed Natasha
  1939 | D:3      | Killed Natasha
  1940 | D:3      | Reached skill level 5 in Fighting
  1940 | D:3      | Reached skill level 5 in Armour
  1940 | D:3      | Reached skill level 5 in Shields
  2069 | D:3      | Noticed Sigmund
  2095 | D:3      | Slain by Sigmund

Illustrated notes

Levels and vault maps discovered:
D:1:      elethiomel_arrival_maze, layout_loops_corners, serial_shops,
          shop_statue
D:2:      layout_loops_corners, uniq_jessica, uniq_terence
D:3:      layout_basic, hellmonk_ecumenical_altar_watching_god, uniq_sigmund,
          uniq_natasha

Skill      XL: |  1  2  3  4  5 |
---------------+----------------+-----
Fighting       | 4 5 |  5.0
Armour         | 4 5 |  5.0
Shields        | 4 5 |  5.0
Short Blades   | 1 2 |  2.5
Maces & Flails | |  2.4

Action                     |  1- 3 |  4- 6 || total
---------------------------+-------+-------++-------
  Melee: Flail             |    17 |       ||    17
         Dagger            |    50 |    84 ||   134
         Headbutt          |    13 |    14 ||    27
    Use: Potion            |       |     1 ||     1
 Armour: Scale mail        |    34 |    50 ||    84
  Dodge: Dodged            |    19 |    27 ||    46
  Block: Buckler           |    16 |    10 ||    26
